 Dungeon Crawl Stone Soup version 0.28-a0-1199-gef9e1dbd39 (webtiles) character file.

Game seed: 11775825328080067297

1040 Gargoyl the Skirmisher (level 8, -9/67 HPs)
             Began as a Gnoll Abyssal Knight on Dec 19, 2021.
             Was a Priest of Lugonu.
             Mangled by an orc warrior (10 damage)
             ... on level 5 of the Dungeon.
             The game lasted 00:08:54 (5732 turns).

Gargoyl the Skirmisher (Gnoll Abyssal Knight)       Turns: 5732, Time: 00:08:54

Health: -9/67      AC: 13    Str: 15    XL:     8   Next: 24%
Magic:  8/12       EV:  5    Int:  9    God:    Lugonu [***...]
Gold:   217        SH: 13    Dex: 13    Spells: 13/13 levels left

rFire   . . .      SeeInvis .   x - +1 hand axe (vorpal)
rCold   . . .      Faith    .   d - +0 kite shield
rNeg    . . .      Spirit   .   c - +0 chain mail
rPois   +          Reflect  +   (no helmet)
rElec   .          Harm     .   e - +1 cloak
rCorr   +          Rampage  .   f - +0 pair of gloves
Will    .....                   (no boots)
Stlth   ..........              t - amulet of reflection
HPRegen 0.21/turn               p - ring of poison resistance
MPRegen 0.13/turn               q - ring of resist corrosion

@: no status effects
A: fangs 1, strong nose, distributed training
a: Renounce Religion, Depart the Abyss, Bend Space, Banish


You were on level 5 of the Dungeon.
You worshipped Lugonu.
Lugonu was most pleased with you.
You visited 1 branch of the dungeon, and saw 6 of its levels.
You visited the Abyss 1 time.

You collected 273 gold pieces.
You spent 56 gold pieces at shops.

Inventory:

Hand Weapons
 a - a +1 hand axe
 x - a +1 vorpal hand axe (weapon)
Armour
 c - a +0 chain mail (worn)
 d - a +0 kite shield (worn)
 e - a +1 cloak (worn)
 f - a +0 pair of gloves (worn)
Jewellery
 p - a ring of poison resistance (left hand)
 q - a ring of resist corrosion (right hand)
 t - an amulet of reflection (around neck)
Wands
 m - a wand of iceblast (8)
Scrolls
 g - 2 scrolls of teleportation {unknown}
 i - 4 scrolls of identify {unknown}
 l - a scroll of vulnerability {unknown}
 n - a scroll of fear {unknown}
 s - a scroll of enchant armour {unknown}
 v - a scroll of fog {unknown}
Potions
 b - 2 potions of curing
 h - a potion of lignification {unknown}
 j - a potion of cancellation {unknown}
 k - a potion of flight {unknown}
 o - a potion of mutation {unknown}
 r - 2 potions of haste {unknown}
 u - a potion of attraction {unknown}
 w - 2 potions of might


   Skills:
 + Level 7.3 Fighting
 + Level 3.1 Short Blades
 + Level 3.1 Long Blades
 + Level 5.6 Axes
 + Level 3.1 Maces & Flails
 + Level 3.1 Polearms
 + Level 3.1 Staves
 + Level 3.1 Slings
 + Level 3.1 Bows
 + Level 3.1 Crossbows
 + Level 3.1 Throwing
 + Level 5.6 Armour
 + Level 4.1 Dodging
 + Level 3.1 Stealth
 + Level 3.1 Shields
 + Level 3.1 Unarmed Combat
 + Level 3.1 Spellcasting
 + Level 2.5 Conjurations
 + Level 2.5 Hexes
 + Level 2.5 Summonings
 + Level 2.5 Necromancy
 + Level 2.5 Translocations
 + Level 2.5 Transmutations
 + Level 2.5 Fire Magic
 + Level 2.5 Ice Magic
 + Level 2.5 Air Magic
 + Level 2.5 Earth Magic
 + Level 2.5 Poison Magic
 + Level 5.8 Invocations
 + Level 3.1 Evocations


You had 13 spell levels left.
You didn't know any spells.
Your spell library contained the following spells:

 Spells                   Type           Power      Damage    Failure   Level
 Sting                    Tmut/Pois      20%        1d4       100%        1


Dungeon Overview and Level Annotations

Branches:
Dungeon (6/15)             Temple (0/1) D:4

Altars:
Ashenzari
Qazlal
Ru
Sif Muna

Shops:
D:5 !


Innate Abilities, Weirdness & Mutations

You have very sharp teeth.
Your uncanny sense of smell can sniff out nearby items.
Your experience applies equally to all skills.


Message History

You bite the orc warrior, but do no damage.
The orc warrior is lightly wounded.
The orc priest miscasts a cantrip.
The orc warrior hits you but does no damage.
You slash the orc warrior! Your bite misses the orc warrior.
The orc warrior is heavily wounded.
The orc warrior hits you with a +0 long sword.
* * * LOW HITPOINT WARNING * * *
The orc priest begins to cast a cantrip, but forgets the words!
You hit the orc warrior.
You bite the orc warrior, but do no damage.
The orc warrior is severely wounded.
You block the orc warrior's attack.
The orc warrior hits you but does no damage.
You barely miss the orc warrior.
The orc warrior is severely wounded.
The orc priest invokes the aid of Beogh against you.
Beogh smites you!
* * * LOW HITPOINT WARNING * * *
The orc warrior barely misses you.
Unknown command.
The orc priest looks braver for a moment.
The orc priest calls upon Beogh to heal the orc warrior.
The orc warrior is healed somewhat.
It was a potion of curing.
You feel better. You block the orc warrior's attack.
The orc priest mumbles some strange prayers to Beogh against you.
Beogh smites you!
* * * LOW HITPOINT WARNING * * *
You feel better. You block the orc warrior's attack.
There is a stone staircase leading up here.
You block the orc warrior's attack.
You climb upwards.
There is a stone staircase leading down here.
The orc warrior hits you with a +0 long sword!
* * * LOW HITPOINT WARNING * * *
Press: ? - help, Shift-Dir - straight line, f - orc warrior
Aim: an orc warrior, wielding a +0 long sword and wearing a +0 chain mail (heavily wounded, chance to affect: 84%)
The orc warrior barely resists.
The orc warrior hits you with a +0 long sword!
You die...

#..#...#........#........#.......
#..#...........####.....##.#.....
##.....####..#....#........##...#
.........##..##.............#....
.........##........[..........#..
.........#####...#.......###..#..
......#.## #...#......###......
.....#### ##.o#.......#.......
.....# ##@...........###.# ....##
#..........### ### ..###
##...#....## .## ##........## ##
#####.[...# # #..##.).))# #
#......)..# # #.........# #
##....##.##


You could see an orc warrior.

Vanquished Creatures
  Sigmund (D:2)
  A sky beast (D:5)
  An ogre (D:2)
  A phantom (D:5)
  3 scorpions
  A howler monkey (D:4)
  A hound (D:5)
  An iguana (D:4)
  3 orc wizards (D:5)
  2 killer bee zombies
  3 hound skeletons
  A howler monkey zombie (D:5)
  3 gnolls (D:3)
  7 adders
  An ufetubus (D:4)
  3 adder skeletons (D:4)
  2 worms
  A dart slug (D:3)
  12 orcs
  7 ball pythons
  7 endoplasms
  A giant cockroach (D:3)
  3 goblins
  10 hobgoblins
  2 jackals (D:3)
  11 kobolds
  6 quokkas
  6 bats
  3 rats
104 creatures vanquished.

Vanquished Creatures (others)
  3 plants (D:2)
3 creatures vanquished.

Grand Total: 107 creatures vanquished

Notes
Turn   | Place    | Note
-------+----------+-------------------------------------------
     0 | Abyss:1  | Gargoyl the Gnoll Abyssal Knight began the quest for the
                  | Orb.
     0 | Abyss:1  | Reached XP level 1. HP: 23/23 MP: 3/3
    99 | Abyss:2  | Noticed a starcursed mass
   115 | Abyss:2  | Noticed an ancient zyme
   176 | D:1      | Escaped the Abyss
   599 | D:1      | Reached * piety under Lugonu
   686 | D:1      | Reached XP level 2. HP: 25/29 MP: 5/5
  1204 | D:1      | Found a faded altar of an unknown god.
  1465 | D:2      | Reached XP level 3. HP: 23/35 MP: 6/6
  1756 | D:2      | Noticed Sigmund
  1768 | D:2      | Reached skill level 1 in Short Blades
  1768 | D:2      | Reached skill level 1 in Long Blades
  1768 | D:2      | Reached skill level 1 in Maces & Flails
  1768 | D:2      | Reached skill level 1 in Polearms
  1768 | D:2      | Reached skill level 1 in Staves
  1768 | D:2      | Reached skill level 1 in Slings
  1768 | D:2      | Reached skill level 1 in Bows
  1768 | D:2      | Reached skill level 1 in Crossbows
  1768 | D:2      | Reached skill level 1 in Throwing
  1768 | D:2      | Reached skill level 1 in Stealth
  1768 | D:2      | Reached skill level 1 in Shields
  1768 | D:2      | Reached skill level 1 in Unarmed Combat
  1768 | D:2      | Reached skill level 1 in Spellcasting
  1768 | D:2      | Reached skill level 1 in Evocations
  1784 | D:2      | Killed Sigmund
  1785 | D:2      | Reached skill level 1 in Conjurations
  1785 | D:2      | Reached skill level 1 in Hexes
  1785 | D:2      | Reached skill level 1 in Summonings
  1785 | D:2      | Reached skill level 1 in Necromancy
  1785 | D:2      | Reached skill level 1 in Translocations
  1785 | D:2      | Reached skill level 1 in Transmutations
  1785 | D:2      | Reached skill level 1 in Fire Magic
  1785 | D:2      | Reached skill level 1 in Ice Magic
  1785 | D:2      | Reached skill level 1 in Air Magic
  1785 | D:2      | Reached skill level 1 in Earth Magic
  1785 | D:2      | Reached skill level 1 in Poison Magic
  1785 | D:2      | Reached XP level 4. HP: 21/41 MP: 7/7
  1785 | D:2      | Reached XP level 5. HP: 25/47 MP: 8/8
  1951 | D:2      | Reached skill level 5 in Invocations
  2104 | D:2      | Reached XP level 6. HP: 35/53 MP: 9/9
  2129 | D:2      | Reached ** piety under Lugonu
  3145 | D:3      | Reached skill level 5 in Axes
  3145 | D:3      | Reached skill level 5 in Armour
  3469 | D:3      | Found a broken altar of Ashenzari.
  3477 | D:3      | Found a stormy altar of Qazlal.
  3485 | D:3      | Found a sacrificial altar of Ru.
  3666 | D:3      | HP: 2/53 [poisoned by a scorpion]
  3986 | D:3      | Reached XP level 7. HP: 25/59 MP: 10/10
  4207 | D:4      | Found a staircase to the Ecumenical Temple.
  4246 | D:4      | Reached skill level 7 in Fighting
  4707 | D:5      | Entered Level 5 of the Dungeon
  4753 | D:5      | Found a shimmering blue altar of Sif Muna.
  4792 | D:5      | Reached *** piety under Lugonu
  5094 | D:5      | Reached XP level 8. HP: 63/67 MP: 12/12
  5461 | D:5      | Found Gukkusoh's Distillery.
  5467 | D:5      | Bought a potion of might for 56 gold pieces
  5494 | D:5      | Got Sif Muna's Catalogue of Toxins
  5708 | D:6      | HP: 3/67 [orc priest/divine providence (13)]
  5731 | D:5      | HP: 1/67 [orc warrior (15)]
  5732 | D:5      | Mangled by an orc warrior

Illustrated notes

Levels and vault maps discovered:
D:1:      erik_arrival_blinker_ship, layout_rooms,
          dilly_ecumenical_altar_fadedgnrine, minmay_misc_feat_x,
          serial_bayou_ford_a, grunt_decor_mini_mirrors, grunt_decor_arrowhead,
          minmay_misc_feat_tower, bh_walls_and_bars
D:2:      layout_rooms, serial_forest, infiniplex_forest_corner_1,
          infiniplex_forest_straight_2, infiniplex_forest_lined_2,
          infiniplex_forest_clump_tiny, infiniplex_forest_lined_2, uniq_sigmund
D:3:      layout_loops_corners, minmay_overflow_temple_star_quad,
          kennysheep_generic_room_10
D:4:      layout_cave_pools, minmay_temple_entry_statues_fountains
D:5:      layout_cave_pools, led_sif_book, serial_shops, kennysheep_little_box
D:6:      layout_basic, serial_shops, shop, kennysheep_generic_room_11

Skill      XL: |  1  2  3  4  5  6  7  8 |
---------------+-------------------------+-----
Short Blades   | 1 2 3 |  3.1
Long Blades    | 1 2 3 |  3.1
Maces & Flails | 1 2 3 |  3.1
Polearms       | 1 2 3 |  3.1
Staves         | 1 2 3 |  3.1
Slings         | 1 2 3 |  3.1
Bows           | 1 2 3 |  3.1
Crossbows      | 1 2 3 |  3.1
Throwing       | 1 2 3 |  3.1
Stealth        | 1 2 3 |  3.1
Shields        | 1 2 3 |  3.1
Unarmed Combat | 1 2 3 |  3.1
Spellcasting   | 1 2 3 |  3.1
Evocations     | 1 2 3 |  3.1
Dodging        | 3 4 |  4.1
Conjurations   | 1 2 |  2.5
Hexes          | 1 2 |  2.5
Summonings     | 1 2 |  2.5
Necromancy     | 1 2 |  2.5
Translocations | 1 2 |  2.5
Transmutations | 1 2 |  2.5
Fire Magic     | 1 2 |  2.5
Ice Magic      | 1 2 |  2.5
Air Magic      | 1 2 |  2.5
Earth Magic    | 1 2 |  2.5
Poison Magic   | 1 2 |  2.5
Invocations    | 5 |  5.8
Axes           | 5 |  5.6
Armour         | 5 |  5.6
Fighting       | 7 |  7.3

Action                   |  1- 3 |  4- 6 |  7- 9 || total
-------------------------+-------+-------+-------++-------
Melee: Hand axe          |    99 |   164 |   236 ||   499
       Bite              |     9 |    10 |    34 ||    53
Invok: Depart the Abyss  |     1 |       |       ||     1
       Bend Space        |       |     1 |     2 ||     3
       Banish            |       |       |     1 ||     1
Evoke: Wand              |       |     1 |       ||     1
  Use: Scroll            |     2 |       |       ||     2
       Potion            |     2 |       |     2 ||     4
Armor: Chain mail        |    97 |   130 |   153 ||   380
Dodge: Dodged            |    18 |    58 |    55 ||   131
Block: Kite shield       |    61 |    89 |   126 ||   276
       Reflection        |       |       |     1 ||     1

Table legend: (Time is in decaauts)
 A = Elapsed time spent in this place.
 B = Non-inter-level travel time spent in this place.
 C = Inter-level travel time spent in this place.
 D = Time resting spent in this place.
 E = Time spent auto-exploring this place.
 F = Levels seen in this place.
 G = Mean time per level.
                   A        B        C        D        E       F      G
               +--------+--------+--------+--------+--------+-----+--------+
         Total |   5895 |   5758 |    137 |    562 |   3768 |   8 |  736.9 |
       Dungeon |   5720 |   5583 |    137 |    562 |   3700 |   6 |  953.3 |
         Abyss |    175 |    175 |      0 |      0 |     68 |   2 |   87.5 |
               +--------+--------+--------+--------+--------+-----+--------+

Top non-repeatable levels by time:
     D:3: 1444 daAuts
     D:1: 1298 daAuts
     D:2: 1244 daAuts
     D:4: 866 daAuts
     D:5: 770 daAuts
 Abyss:2: 99 daAuts
     D:6: 95 daAuts
 Abyss:1: 76 daAuts
